 Dungeon Crawl Stone Soup version 0.30-a0-154-gb106f4c828 (webtiles) character file.

Game seed: 7738913684948856716

126 Decritt the Digger (level 5, -7/30 HPs)
             Began as a Gargoyle Earth Elementalist on Sept 27, 2022.
             Mangled by Crazy Yiuf
             ... wielding a +3 quarterstaff of chaos
              (11 damage)
             ... on level 3 of the Dungeon.
             The game lasted 00:03:42 (3430 turns).

Decritt the Digger (Gargoyle Earth Elementalist)    Turns: 3430, Time: 00:03:42

Health: -7/30      AC:  7    Str: 12    XL:     5   Next: 9%
Magic:  6/9        EV: 12    Int: 17    God:
Gold:   149        SH:  0    Dex: 10    Spells: 8/9 levels left

rFire   . . .      SeeInvis .    i - +1 flail (drain)
rCold   . . .      Faith    .    (no shield)
rNeg    + . .      Spirit   .    a - +0 robe
rPois   ∞          Reflect  .    l - +0 helmet
rElec   +          Harm     .    (no cloak)
rCorr   .          Rampage  .    (no gloves)
Will    .....                    (no boots)
Stlth   ++........               (no amulet)
HPRegen 0.10/turn                (no ring)
MPRegen 0.11/turn                (no ring)

@: invisible
A: sickness immunity, AC +4, negative energy resistance 1, electricity
resistance, torment resistance 1, petrification resistance
a: no special abilities


You were on level 3 of the Dungeon.
You visited 1 branch of the dungeon, and saw 3 of its levels.

You collected 149 gold pieces.

Inventory:

Hand Weapons
 i - a +1 flail of draining (weapon)
Armour
 a - a +0 robe (worn)
 l - a +0 helmet (worn)
Scrolls
 c - 3 scrolls of identify {unknown}
 d - 2 scrolls of poison {unknown}
 f - a scroll of blinking {unknown}
 g - a scroll of magic mapping {unknown}
 j - a scroll of fear {unknown}
 k - a scroll of enchant weapon {unknown}
Potions
 b - a potion of magic
 e - a potion of brilliance {unknown}
 h - a potion of haste {unknown}
 m - a potion of lignification {unknown}


   Skills:
 + Level 1.8 Fighting
 + Level 1.5 Armour
 + Level 2.2 Dodging
 - Level 2.1 Stealth
 + Level 2.7 Spellcasting
 + Level 1.6 Conjurations
 - Level 0.7 Transmutations
 + Level 4.2 Earth Magic


You had 8 spell levels left.
You knew the following spells:

 Your Spells              Type           Power      Damage    Failure   Level
a - Sandblast             Erth           32%        2d9       3%          1

Your spell library contained the following spells:

 Spells                   Type           Power      Damage    Failure   Level
 Passwall                 Tmut/Erth      8%         N/A       10%         2
 Stone Arrow              Conj/Erth      24%        3d8       16%         3
 Necrotise                Necr           8%         1d4       19%         1
 Vampiric Draining        Necr           2%         2d6       47%         3
 Petrify                  Tmut/Erth      10%        N/A       54%         4
 Agony                    Necr           2%         N/A       99%         5


Dungeon Overview and Level Annotations

Branches:
Dungeon (3/15)

Altars:
Hepliaklqana

Shops:
D:1 [

Annotations:
D:3 Crazy Yiuf


Innate Abilities, Weirdness & Mutations

You are immune to sickness and miasma.
Your stone body is resilient. (AC +4)
You are immune to poison.
You resist negative energy. (rN+)
You are resistant to electric shocks. (rElec)
You are resistant to unholy torment.
You are immune to petrification.


Message History

Casting: Sandblast (safe; 3% risk of failure)
Confirm with . or Enter, or press ? or * to list all spells.
You can't see any susceptible monsters within range! (Use Z to cast anyway.)
Found 7 stones.
Things that are here:
a +0 hand axe; a +0 leather armour of poison resistance You see here 7 stones.
c - 3 scrolls labelled FEKHYHAL MIZO (gained 1)
Found a hammer.
Found a runed translucent door.
You open the door.
Casting: Sandblast (safe; 3% risk of failure)
Confirm with . or Enter, or press ? or * to list all spells.
Aiming: Sandblast (safe; 3% risk of failure)
Press: ? - help, Shift-Dir - straight line, f - Crazy Yiuf
Aim: Crazy Yiuf, wielding a +3 quarterstaff of chaos and wearing a +2 cloak (84% to hit)
The blast of sand hits Crazy Yiuf but does no damage.
Crazy Yiuf hits you with a +3 quarterstaff of chaos!
Crazy Yiuf burns you. Crazy Yiuf completely misses you.
Casting: Sandblast (safe; 3% risk of failure)
Confirm with . or Enter, or press ? or * to list all spells.
Aiming: Sandblast (safe; 3% risk of failure)
Press: ? - help, Shift-Dir - straight line, f/p - Crazy Yiuf
Aim: Crazy Yiuf, wielding a +3 quarterstaff of chaos and wearing a +2 cloak (84% to hit)
The blast of sand hits Crazy Yiuf but does no damage.
Crazy Yiuf hits you with a +3 quarterstaff of chaos.
* * * LOW HITPOINT WARNING * * *
You fade into invisibility!
Casting: Sandblast (safe; 3% risk of failure)
Confirm with . or Enter, or press ? or * to list all spells.
Aiming: Sandblast (safe; 3% risk of failure)
Press: ? - help, Shift-Dir - straight line, f/p - Crazy Yiuf
Aim: Crazy Yiuf, wielding a +3 quarterstaff of chaos and wearing a +2 cloak (unable to see you, 84% to hit)
The blast of sand hits Crazy Yiuf.
Crazy Yiuf is lightly wounded.
Crazy Yiuf hits you with a +3 quarterstaff of chaos!
* * * LOW HITPOINT WARNING * * *
Crazy Yiuf burns you.
* * * LOW HITPOINT WARNING * * *
Crazy Yiuf hits you with a +3 quarterstaff of chaos!
You die...

# #.#####.#
#.###............
#....#### ###
##.......####
###### #<.#...#####
##### #...........
#)..# #†.....#####
#...# #.#.......##
... #...#.......
#g# ##.#####...#
##### #@##
#.#####>..# ....#
##.# ##.....#...#
###.# #.##
#.####.#<..# #.#
##.# #.###.......
#.# ##.##
#..........# #.#
##...# #.#...####.#
# #.# #...P#
#.....####.# # #.#
#....# ###.^#####.#
# #†###
#....###.#.######.#


You could see Crazy Yiuf (unable to see you).

Vanquished Creatures
  Jessica (D:2)
  Terence (D:3)
  Robin (D:2)
  3 dart slugs
  5 orcs (D:3)
  3 bats
  3 endoplasms
  6 hobgoblins
  3 jackals (D:1)
  3 quokkas
  9 ball pythons
  3 frilled lizards
  6 goblins
  3 kobolds
  A rat (D:2)
51 creatures vanquished.

Notes
Turn   | Place    | Note
-------+----------+-------------------------------------------
     0 | D:1      | Decritt the Gargoyle Earth Elementalist began the quest for
                  | the Orb.
     0 | D:1      | Reached XP level 1. HP: 10/10 MP: 3/3
   417 | D:1      | Reached XP level 2. HP: 16/16 MP: 1/5
   562 | D:1      | Found Qikizxadd's Armour Boutique.
  1378 | D:2      | Reached XP level 3. HP: 20/20 MP: 4/6
  1498 | D:2      | Noticed Jessica
  1500 | D:2      | Killed Jessica
  1501 | D:2      | Reached skill level 1 in Fighting
  1501 | D:2      | Reached skill level 1 in Armour
  1501 | D:2      | Reached skill level 1 in Conjurations
  1501 | D:2      | Reached skill level 4 in Earth Magic
  1917 | D:2      | Noticed Robin
  1931 | D:2      | Reached XP level 4. HP: 15/25 MP: 7/7
  2404 | D:2      | Killed Robin
  3185 | D:3      | Noticed Terence
  3195 | D:3      | Killed Terence
  3196 | D:3      | Reached XP level 5. HP: 30/30 MP: 2/8
  3268 | D:3      | Found a faded altar of an unknown god.
  3320 | D:3      | Found a hazy altar of Hepliaklqana.
  3423 | D:3      | Found a runed translucent door.
  3424 | D:3      | Noticed Crazy Yiuf
  3430 | D:3      | Mangled by Crazy Yiuf

Illustrated notes

Levels and vault maps discovered:
D:1:      giann_horns, layout_basic, serial_shops, nicolae_shop_behind_doors
D:2:      layout_basic, uniq_robin, uniq_jessica
D:3:      layout_loops_ring, lemuel_tele_altar, basic_ecumenical_altar,
          reono_crystal_passage, st_stairs_12, uniq_terence,
          uniq_crazy_yiuf_cottage

Skill      XL: |  1  2  3 |
---------------+----------+-----
Fighting       | 1 |  1.8
Armour         | 1 |  1.5
Dodging        | 2 |  2.2
Conjurations   | 1 |  1.6
Earth Magic    | 4 |  4.2
Stealth        | |  2.1
Spellcasting   | |  2.7
Transmutations | |  0.7

Action                   |  1- 3 |  4- 6 || total
-------------------------+-------+-------++-------
Melee: Unarmed           |    10 |       ||    10
       Flail             |     6 |    40 ||    46
       Punch             |       |     1 ||     1
 Cast: Sandblast         |    32 |    24 ||    56
Armor: Robe              |     7 |    25 ||    32
Dodge: Dodged            |    20 |    40 ||    60

Table legend: (Time is in decaauts)
 A = Elapsed time spent in this place.
 B = Non-inter-level travel time spent in this place.
 C = Inter-level travel time spent in this place.
 D = Time resting spent in this place.
 E = Time spent auto-exploring this place.
 F = Levels seen in this place.
 G = Mean time per level.
                   A        B        C        D        E       F      G
               +--------+--------+--------+--------+--------+-----+--------+
         Total |   3476 |   3374 |    102 |    553 |   2479 |   3 | 1158.7 |
       Dungeon |   3476 |   3374 |    102 |    553 |   2479 |   3 | 1158.7 |
               +--------+--------+--------+--------+--------+-----+--------+

Top non-repeatable levels by time:
     D:1: 1660 daAuts
     D:2: 1203 daAuts
     D:3: 612 daAuts
